 Dungeon Sprint DCSS version 0.21.1-1-g345015f (webtiles) character file.

1300000 Fang the Axe Maniac (level 14, -3/144 HPs)
             Began as a Minotaur Gladiator on May 6, 2018.
             Was a Follower of Makhleb.
             Slain by a bag of meat
             ... wielding a +9 war axe
              (22 damage)
             ... in the Dungeon (Sprint VIII: "Arena of Blood").
             The game lasted 00:00:14 (13 turns).

Fang the Axe Maniac (Minotaur Gladiator)              Turns: 13, Time: 00:00:16

Health: -3/144     AC:  3    Str: 24    XL:     14   Next: 78%
Magic:  13/13      EV: 27    Int:  5    God:    Makhleb [*.....]
Gold:   0          SH:  0    Dex: 12    Spells: 13/13 levels left

rFire    . . .     SeeInvis .   l - +∞ Axe of Woe
rCold    . . .     Gourm    .   (shield currently unavailable)
rNeg     . . .     Faith    .   b - +0 leather armour
rPois    .         Spirit   .   c - +0 hat
rElec    .         Reflect  .   (no cloak)
rCorr    .         Harm     .   (no gloves)
MR       +....     NoTele   +   (no boots)
Stlth    +.........             (no amulet)
HPRegen  0.34/turn              (no ring)
MPRegen  0.13/turn              (no ring)

@: no status effects
A: retaliatory headbutt, horns 2
a: Renounce Religion


You were in the Dungeon.
You worshipped Makhleb.
Makhleb was aware of your devotion.
You were not hungry.

You visited 1 branch

Inventory:

Hand Weapons
 a - a +0 war axe
 l - the +∞ Axe of Woe (weapon)
   (You found it in the Dungeon)
Missiles
 d - 3 throwing nets (quivered)
Armour
 b - a +0 leather armour (worn)
 c - a +0 hat (worn)
Scrolls
 k - a scroll of blinking
Potions
 e - a potion of curing
 g - a potion of heal wounds
 h - a potion of haste
 i - 2 potions of magic
 j - a potion of berserk rage
Comestibles
 f - a ration


   Skills:
 + Level 18.7 Fighting
 O Level 27 Axes
 + Level 13.8 Throwing
 + Level 4.3 Armour
 + Level 26.0 Dodging


You had 13 spell levels left.
You didn't know any spells.

Dungeon Overview and Level Annotations

Branches:
Dungeon (1/1)

Altars:
Makhleb


Innate Abilities, Weirdness & Mutations

You reflexively headbutt those who attack you in melee.
You have a pair of horns on your head.


Message History

Your Armour skill increases to level 1!
Your Dodging skill gained 2 levels and is now at level 23!
You have reached level 13!
You slice the meat berserker!!
You fatally mangle the meat berserker.
You kill the meat berserker!
Makhleb accepts your kill.
Your Fighting skill gained 2 levels and is now at level 18!
You have mastered Axes!
Your Throwing skill gained 2 levels and is now at level 13!
Your Armour skill gained 3 levels and is now at level 4!
Your Dodging skill gained 3 levels and is now at level 26!
You have reached level 14!
You hear a shout! x7
The meat berserker appears out of thin air!
A meat berserker comes into view. It is wielding a +9 battleaxe.
You hear a shout!
A bag of meat comes into view. It is wielding a +9 war axe.
The bag of meat shouts!
You hear a shout! x7
The bag of meat hits you with a +9 war axe!!
You die...

. #... ...#
..###... ...###...
......###........
....._.........
#.....#....o.
#_.<._#o.....
..#.....#.o....
......_..o......
......###@.......
..###....)))###...
. #.....).# .O
#.......#
.......O..
......o..o.
.......o....
........o.##.
#......oO#. ..


You could see a meat berserker (berserk) and 8 bags of meat.

Vanquished Creatures
  An ogre (D)
  3 orcs (D)
4 creatures vanquished.

Notes
Turn   | Place    | Note
-------+----------+-------------------------------------------
     0 | D        | Found the +∞ Axe of Woe
     0 | D        | Fang the Minotaur Gladiator began the quest for the Orb.
     0 | D        | Reached XP level 1. HP: 18/18 MP: 0/0
     4 | D        | Became a worshipper of Makhleb the Destroyer
     6 | D        | Noticed a bag of meat
     6 | D        | Noticed a bag of meat
     7 | D        | Noticed a bag of meat
     9 | D        | Noticed a meat berserker
     9 | D        | Noticed a bag of meat
     9 | D        | Noticed a bag of meat
    10 | D        | Noticed a bag of meat
    10 | D        | Killed a bag of meat
    10 | D        | Reached skill level 20 in Axes
    10 | D        | Reached XP level 2. HP: 15/42 MP: 1/1
    10 | D        | Reached XP level 3. HP: 17/49 MP: 2/2
    10 | D        | Reached XP level 4. HP: 20/57 MP: 3/3
    10 | D        | Reached XP level 5. HP: 22/63 MP: 4/4
    10 | D        | Reached XP level 6. HP: 25/71 MP: 5/5
    10 | D        | Reached XP level 7. HP: 28/78 MP: 6/6
    10 | D        | Reached XP level 8. HP: 30/85 MP: 7/7
    10 | D        | Reached XP level 9. HP: 33/92 MP: 8/8
    10 | D        | Reached XP level 10. HP: 36/100 MP: 9/9
    10 | D        | Reached XP level 11. HP: 38/106 MP: 10/10
    10 | D        | Killed a bag of meat
    10 | D        | Reached * piety under Makhleb
    10 | D        | Reached skill level 23 in Axes
    10 | D        | Reached skill level 10 in Throwing
    10 | D        | Reached XP level 12. HP: 42/118 MP: 11/11
    11 | D        | Noticed a bag of meat
    11 | D        | Noticed a bag of meat
    11 | D        | Noticed a bag of meat
    12 | D        | Noticed a bag of meat
    12 | D        | Noticed a large bag of meat
    12 | D        | Noticed a bag of meat
    12 | D        | Killed a bag of meat
    12 | D        | Reached skill level 25 in Axes
    12 | D        | Reached skill level 1 in Armour
    12 | D        | Reached XP level 13. HP: 16/128 MP: 12/12
    12 | D        | Killed a meat berserker
    12 | D        | Reached skill level 27 in Axes
    12 | D        | Reached XP level 14. HP: 18/144 MP: 13/13
    13 | D        | Noticed a meat berserker
    13 | D        | Noticed a bag of meat
    13 | D        | Slain by a bag of meat

Skill      XL: |  1  2  3  4  5  6  7  8  9 10 11 12 13 |
---------------+----------------------------------------+-----
Fighting       | 12 14 16 18 | 18.7
Axes           | 20 23 25 27 | 27.0
Throwing       | 9 10 11 13 | 13.8
Dodging        | 18 21 23 26 | 26.0
Armour         | 1 4 |  4.3

Action                   |  1- 3 |  4- 6 |  7- 9 | 10-12 | 13-15 || total
-------------------------+-------+-------+-------+-------+-------++-------
Melee: Executioner's axe |     1 |       |       |     1 |       ||     2
